 Dungeon Crawl Stone Soup version 0.21-a0-437-ge5bf024 (webtiles) character file.

335201 theanonym the Minotaur Blade (level 20, -17/283 HPs)
             Began as a Minotaur Gladiator on Nov 9, 2017.
             Was the Champion of Zin.
             Killed from afar by a deep elf knight (24 damage)
             ... with a shard of ice
             ... on level 3 of the Elven Halls.
             The game lasted 02:55:50 (52432 turns).

theanonym the Minotaur Blade (Minotaur Gladiator)  Turns: 52432, Time: 02:55:50

Health: -17/283    AC: 28    Str: 40    XL:     20   Next: 96%
Magic:  30/30      EV: 20    Int: 14    God:    Zin [******]
Gold:   599        SH:  0    Dex: 18    Spells: 11/19 levels left

rFire    + . .     SeeInvis .   U - +6 triple sword (distort)
rCold    + . .     Gourm    .   (shield currently unavailable)
rNeg     . . .     Faith    .   V - +3 plate armour {rC+}
rPois    ∞         Spirit   .   c - +0 hat
rElec    +         Reflect  .   i - +2 cloak {rPois}
rCorr    .         Harm     .   K - +0 pair of gloves "Osoar" {rElec MR++ Regen+}
MR       +++..                  X - +1 pair of boots {run}
Stlth    ..........             S - amulet of regeneration {+regen}
HPRegen  1.37/turn              I - ring of protection from fire {rF+}
MPRegen  0.22/turn              x - ring of Maamin {rElec Str+3 Int+4}

@: mighty, berserking (expiring), vitalised, silence (expiring), very quick
A: retaliatory headbutt, horns 2
}: 2/15 runes: serpentine, barnacled
a: Renounce Religion


Innate Abilities, Weirdness & Mutations

You reflexively headbutt those who attack you in melee.
You have a pair of horns on your head.


   Skills:
 + Level 18.9 Fighting
 - Level 26.0 Long Blades
 - Level 2.0 Throwing
 + Level 15.7 Armour
 + Level 15.7 Dodging
 + Level 15.7 Invocations


You had 11 spell levels left.
You knew the following spells:

 Your Spells              Type           Power        Failure   Level  Hunger
a - Deflect Missiles      Chrm/Air       #.........   100%        6    #######
s - Swiftness             Chrm/Air       #.......     83%         2    ###....

Skill      XL: |  1  2  3  4  5  6  7  8  9 10 11 12 13 14 15 16 17 18 19 20 |
---------------+-------------------------------------------------------------+-----
Long Blades    | 4 5 7 8 9 11 13 14 16 17 18 19 20 23 26 | 26.0
Fighting       | 3 4 5 6 8 10 11 13 14 15 16 17 18 | 18.9
Armour         | 1 5 6 9 10 11 12 13 15 | 15.7
Dodging        | 5 7 9 10 12 13 14 15 | 15.7
Invocations    | 2 4 5 7 8 10 12 14 15 | 15.7
Throwing       | |  2.0

Action                   |  1- 3 |  4- 6 |  7- 9 | 10-12 | 13-15 | 16-18 | 19-21 || total
-------------------------+-------+-------+-------+-------+-------+-------+-------++-------
Melee: Long sword        |    46 |   116 |   231 |   587 |       |       |       ||   980
       Headbutt          |    12 |    33 |    50 |   216 |   398 |   425 |   227 ||  1361
       Great sword       |       |       |       |   153 |   997 |   948 |       ||  2098
       Rapier            |       |       |       |    20 |    20 |       |       ||    40
       Triple sword      |       |       |       |       |       |    95 |   872 ||   967
 Fire: Blowgun           |       |       |     5 |     7 |       |       |       ||    12
Throw: Throwing net      |       |       |     2 |     2 |       |       |       ||     4
       Tomahawk          |       |       |       |    29 |    50 |     8 |       ||    87
       Javelin           |       |       |       |       |     1 |       |       ||     1
Invok: Donate Gold       |       |       |       |     1 |     1 |     1 |       ||     3
       Vitalisation      |       |       |       |     9 |    24 |    26 |     7 ||    66
       Recite            |       |       |       |     2 |     5 |     4 |     3 ||    14
       Imprison          |       |       |       |       |     1 |     1 |       ||     2
       Sanctuary         |       |       |       |       |     1 |     1 |       ||     2
 Abil: Evoke Berserk Rag |       |       |       |       |     1 |       |       ||     1
Evoke: Wand              |       |       |     3 |       |    10 |       |       ||    13
  Use: Potion            |       |     1 |     7 |     5 |    14 |     9 |     8 ||    44
       Scroll            |       |     3 |     4 |    10 |    26 |     9 |    10 ||    62
 Stab: Sleeping          |     2 |       |       |       |       |     5 |       ||     7
       Invisible         |       |       |       |       |     4 |       |       ||     4
       Petrified         |       |       |       |       |    13 |     9 |       ||    22
       Petrifying        |       |       |       |       |     1 |     1 |       ||     2
       Distracted        |       |       |       |       |     1 |       |       ||     1
       Paralysed         |       |       |       |       |     1 |       |       ||     1
       Confused          |       |       |       |       |       |     3 |     2 ||     5
  Eat: Chunk             |     1 |     6 |    11 |     8 |     7 |     4 |     5 ||    42
       Bread ration      |       |       |       |     2 |     3 |     6 |       ||    11
       Meat ration       |       |       |       |     4 |     2 |     1 |     4 ||    11
       Fruit             |       |       |       |       |    28 |       |       ||    28
Armor: Leather armour    |    19 |       |       |       |       |       |       ||    19
       Scale mail        |     7 |    43 |    57 |       |       |       |       ||   107
       Plate armour      |       |       |    16 |   353 |   391 |   359 |   458 ||  1577
       Skin              |       |       |       |     7 |       |       |       ||     7
       Ring mail         |       |       |       |       |    27 |    44 |       ||    71
       Ice dragon scales |       |       |       |       |    13 |       |       ||    13
Dodge: Dodged            |    56 |   115 |   169 |   388 |   672 |   956 |   671 ||  3027
Block: Other             |       |       |       |       |    42 |    53 |    35 ||   130
       Reflection        |       |       |       |       |     2 |     4 |     2 ||     8
       Rpst.: Long sword |    14 |    26 |    49 |    66 |       |       |       ||   155
       Great sword       |       |       |       |    28 |   138 |   181 |       ||   347
       Triple sword      |       |       |       |       |       |    17 |   120 ||   137

Inventory:

Hand Weapons
 a - a +2 great sword of holy wrath
   (You found it in the Desolation of Salt)
 U - a +6 triple sword of distortion (weapon)
   (You found it on level 4 of the Shoals)
Missiles
 E - 7 throwing nets
 G - 3 silver tomahawks
 Q - 10 steel tomahawks (quivered)
Armour
 c - a +0 hat (worn)
 i - a +2 cloak of poison resistance (worn)
   (You found it on level 1 of the Dungeon)
 K - the +0 pair of gloves "Osoar" (worn) {rElec MR++ Regen+}
   (You bought it in a shop on level 3 of the Shoals)

   It insulates you from electricity.
   It affects your resistance to hostile enchantments.
   It increases your rate of regeneration.
 P - a +0 crystal plate armour
   (You acquired it on level 3 of the Elven Halls)
 V - a +3 plate armour of cold resistance (worn)
   (You bought it in a shop on level 2 of the Orcish Mines)
 X - a +1 pair of boots of running (worn)
   (You found it in the Desolation of Salt)
Jewellery
 v - the ring "Esiud" {rCorr Int+7 Slay+2}
   (You found it on level 6 of the Lair of Beasts)

   [ring of resist corrosion]

   It affects your intelligence (+7).
   It affects your accuracy and damage with ranged weapons and melee attacks
   (+2).
 x - the ring of Maamin (right hand) {rElec Str+3 Int+4}
   (You found it in the Desolation of Salt)

   [ring of strength]

   It affects your strength (+3).
   It affects your intelligence (+4).
   It insulates you from electricity.
 I - a ring of protection from fire (left hand) {rF+}
   (You found it on level 3 of the Lair of Beasts)
 R - the ring of Sishrexzo {MR+ Str+5 Int+2 Dex+2}
   (You found it on level 10 of the Dungeon)

   [ring of strength]

   It affects your strength (+5).
   It affects your intelligence (+2).
   It affects your dexterity (+2).
   It affects your resistance to hostile enchantments.
 S - an amulet of regeneration (around neck) {+regen}
   (You found it on level 4 of the Snake Pit)
 W - the necklace of Bloodlust {*Rage +Rage MR++ Int-3 Slay+6 *Curse}
   (You took it off an orc priest on level 15 of the Dungeon)

   [amulet of rage]

   It affects your intelligence (-3).
   It affects your accuracy and damage with ranged weapons and melee attacks
   (+6).
   It affects your resistance to hostile enchantments.
   It lets you go berserk.
   It may make you go berserk in combat.
   It curses itself when equipped.
Wands
 p - a wand of random effects (18/48)
   (You took it off an orc on level 12 of the Dungeon)
 C - a wand of scattershot (4/9)
   (You found it on level 2 of the Lair of Beasts)
 D - a wand of iceblast (6/15)
   (You found it on level 4 of the Lair of Beasts)
 H - a wand of lightning (11/15)
   (You found it on level 4 of the Lair of Beasts)
 M - a wand of digging (19/24)
   (You found it on level 9 of the Dungeon)
Scrolls
 b - 3 scrolls of blinking
 e - 2 scrolls of holy word
 f - 2 scrolls of fog {!r}
 k - 8 scrolls of immolation
 r - 4 scrolls of identify
 t - 9 scrolls of teleportation {!r}
 u - 7 scrolls of remove curse
 y - 2 scrolls of magic mapping {!r}
 z - 7 scrolls of fear {!r}
 A - 7 scrolls of amnesia
 B - 8 scrolls of recharging
 F - 6 scrolls of enchant armour
Potions
 j - 12 potions of curing
 l - 4 potions of brilliance
 m - a potion of might
 n - 4 potions of ambrosia
 o - 3 potions of magic
 w - a potion of haste
 N - 2 potions of resistance
 O - 2 potions of flight
 Z - 2 potions of invisibility
Books
 g - a book of the Dragon
   (You found it on level 1 of the Snake Pit)

   Spells                             Type                      Level
   a - Flame Tongue                   Conjuration/Fire             1
   b - Cause Fear                     Hexes                        4
   c - Bolt of Fire                   Conjuration/Fire             6
   d - Dragon Form                    Transmutation                7
   e - Dragon's Call                  Summoning                    9
 s - a book of Battle
   (You found it on level 2 of the Snake Pit)

   Spells                             Type                      Level
   a - Infusion                       Charms                       1
   b - Shroud of Golubria             Charms/Translocation         2
   c - Song of Slaying                Charms                       2
   d - Spectral Weapon                Hexes/Charms                 3
   e - Regeneration                   Charms/Necromancy            3
Miscellaneous
 L - a lightning rod (4/4)
   (You found it on level 2 of the Snake Pit)
Comestibles
 d - 16 fruits
 h - 24 royal jellies
 T - 10 bread rations

Dungeon Overview and Level Annotations

Branches:
Dungeon (15/15)            Temple (1/1) D:7            Lair (6/6) D:8
 Shoals (4/4) Lair:4        Snake (4/4) Lair:3        Slime (0/5) Lair:6
    Orc (2/2) D:12            Elf (3/3) Orc:2        Vaults (0/5) D:14
 Depths (0/5) D:15

Altars:
Ashenzari
Cheibriados
Dithmenos
Elyvilon
Fedhas
Gozag
Hepliaklqana
Kikubaaqudgha
Makhleb
Nemelex Xobeh
Okawaru
Qazlal
Ru
Sif Muna
Trog
Uskayaw
Vehumet
Wu Jian
Xom
Yredelemnul
Zin
The Shining One

Shops:
D:10 :   D:14 :   D:15 }   Orc:2 *[:}(   Elf:3 ?   Shoals:1 **   Shoals:2 !
Shoals:3 [*:(*   Snake:3 =}}

Annotations:
Elf:2 1 runed door


You were on level 3 of the Elven Halls.
You worshipped Zin.
Zin was exalted by your worship.
You were not hungry.

You visited 7 branches of the dungeon, and saw 35 of its levels.
You also visited: Sewer, Ice Cave and Desolation.

You collected 3404 gold pieces.
You spent 1447 gold pieces at shops.
You donated 1358 gold pieces to Zin.


Message History

* * * LOW HITPOINT WARNING * * *
The deep elf annihilator is empowered by the deep elf high priest's aura!
The deep elf sorcerer is empowered by the deep elf high priest's aura!
The deep elf mage is empowered by the deep elf high priest's aura!
The deep elf annihilator is empowered by the deep elf high priest's aura!
The deep elf knight is empowered by the deep elf high priest's aura! x2
The deep elf mage is empowered by the deep elf high priest's aura!
The deep elf high priest mumbles some strange prayers to its god.
The corpses meld into agglomerations of writhing flesh!
The deep elf demonologist barely misses you.
You furiously retaliate!
You headbutt the deep elf demonologist!
You riposte.
You carve the deep elf demonologist like a ham!!!
You kill the deep elf demonologist!
Zin accepts your kill.
The blizzard demon disappears in a puff of smoke!
The shadow demon disappears in a puff of smoke!
The hellwing disappears in a puff of smoke!
The chaos spawn degenerates into a cloud of primal chaos! x2 2 small abominations and a large abomination come into view.
You miss the deep elf knight.
Your headbutt misses the deep elf knight.
The deep elf annihilator gestures wildly while chanting.
The deep elf annihilator blinks!
You feel troubled.
The deep elf annihilator casts a spell.
The deep elf annihilator blinks!
The deep elf demonologist points at you and mumbles some strange words.
You resist with almost no effort. The deep elf knight misses you.
You furiously retaliate!
You headbutt the deep elf knight!
You slice the deep elf knight like a ripe choko!!!
You kill the deep elf knight!
The small abomination hits you but does no damage.
You slice the deep elf high priest!!
You kill the deep elf high priest!
Zin accepts your kill.
The deep elf knight mumbles some strange words.
The deep elf knight flickers and vanishes!
Something hits you but does no damage.
The deep elf knight hits you with a shortbow!
* * * LOW HITPOINT WARNING * * *
The deep elf annihilator mumbles some strange words.
The deep elf annihilator blinks!
The large abomination misses you. You furiously retaliate!
You headbutt the large abomination!
You riposte.
You slash the large abomination!
Space bends around the large abomination.
The small abomination hits you but does no damage.
You take 7 damage, and have 18/283 hp.
You hit the deep elf demonologist.
Space warps horribly around the deep elf demonologist!
You headbutt the deep elf demonologist.
You kill the deep elf demonologist!
Zin accepts your kill.
The soul eater disappears in a puff of smoke!
The hellwing disappears in a puff of smoke!
The Ice Fiend disappears in a puff of smoke!
The chaos spawn degenerates into a cloud of primal chaos!
You are ready to recite again.
Something hits you but does no damage.
A shard of ice appears from out of thin air!
The shard of ice hits you! You partially resist.
* * * LOW HITPOINT WARNING * * *
The deep elf knight points at you and mumbles some strange words.
The stone arrow misses you.
The stone arrow hits the small abomination.
You take 5 damage, and have 13/283 hp.
You slice the deep elf knight!!
You kill the deep elf knight!
The small abomination closely misses you.
The deep elf annihilator casts a spell.
The deep elf annihilator blinks!
The deep elf annihilator mumbles some strange words.
The deep elf annihilator blinks!
Something hits you.
* * * LOW HITPOINT WARNING * * *
The large abomination barely misses you.
You furiously retaliate!
You headbutt the large abomination!
You riposte.
You closely miss the large abomination.
Your headbutt misses the large abomination.
The deep elf archer shoots an arrow.
The arrow hits you but does no damage.
You barely miss something. You headbutt something.
The deep elf annihilator seems less brilliant.
The deep elf sorcerer seems less brilliant.
The deep elf annihilator seems less brilliant.
The deep elf mage seems less brilliant.
The deep elf archer seems less brilliant.
The deep elf mage seems less brilliant.
The deep elf annihilator seems less brilliant.
The deep elf mage seems less brilliant.
Something closely misses you.
The small abomination barely misses you.
You furiously retaliate!
You headbutt the small abomination!
A shard of ice appears from out of thin air!
The shard of ice hits you! You partially resist.
* * * LOW HITPOINT WARNING * * *
The deep elf mage casts a spell.
The deep elf mage conjures a globe of magical energy!
A battlesphere comes into view.
You take 6 damage, and have 7/283 hp.
You miss something. Your headbutt misses something. Something misses you.
A shard of ice appears from out of thin air!
The shard of ice hits you! You partially resist.
You die...

..........§....
e..............
......§./......
...e..........
....e...*...#
#.e...xee..##
##...x{Xe*..#
#...(x@){e..#
.....##{##.....
... #)# ... .
#.# e #.# #.#
##)## #...#
#...#


You could see 3 deep elf annihilators, a deep elf sorcerer, a deep elf archer, a
large abomination, 4 deep elf magi, 2 small abominations, 2 battlespheres and a
crawling corpse.

Notes
Turn   | Place    | Note
-------+----------+-------------------------------------------
     0 | D:1      | theanonym the Minotaur Gladiator began the quest for the Orb.
     0 | D:1      | Reached XP level 1. HP: 18/18 MP: 0/0
    21 | D:1      | Reached skill level 4 in Long Blades
    22 | D:1      | HP: 8/18 [gnoll/spear (5)]
    31 | D:1      | Reached XP level 2. HP: 12/25 MP: 1/1
    31 | D:1      | HP: 9/25 [gnoll/spear (3)]
    32 | D:1      | HP: 2/25 [gnoll/spear (7)]
    34 | D:1      | Reached skill level 3 in Fighting
    38 | D:1      | HP: 2/26 [giant cockroach (1)]
   667 | D:1      | Reached XP level 3. HP: 31/31 MP: 2/2
  1090 | D:2      | Reached skill level 5 in Long Blades
  1098 | D:2      | Reached XP level 4. HP: 30/38 MP: 3/3
  1338 | D:2      | Found a white marble altar of Elyvilon.
  1606 | D:2      | Noticed Sigmund
  1613 | D:2      | Killed Sigmund
  1613 | D:2      | Reached skill level 4 in Fighting
  1613 | D:2      | Reached skill level 7 in Long Blades
  1613 | D:2      | Reached XP level 5. HP: 47/47 MP: 4/4
  1773 | D:3      | Reached XP level 6. HP: 50/53 MP: 5/5
  2060 | D:3      | Found a glowing drain.
  2075 | Sewer    | Entered a sewer
  2196 | Sewer    | Reached skill level 5 in Fighting
  2552 | D:3      | Reached skill level 8 in Long Blades
  2769 | D:3      | Found a shimmering altar of Xom.
  2955 | D:4      | Reached XP level 7. HP: 61/61 MP: 6/6
  3789 | D:4      | Noticed a steam dragon
  3829 | D:4      | Killed a steam dragon
  3829 | D:4      | Reached skill level 6 in Fighting
  3833 | D:4      | Reached skill level 9 in Long Blades
  3993 | D:5      | Entered Level 5 of the Dungeon
  4334 | D:5      | Found an opulent altar of Gozag.
  4420 | D:5      | Reached XP level 8. HP: 71/71 MP: 7/7
  4464 | D:5      | Reached skill level 7 in Fighting
  4464 | D:5      | Reached skill level 10 in Long Blades
  4964 | D:6      | Noticed a two-headed ogre
  4988 | D:6      | Killed a two-headed ogre
  4988 | D:6      | Reached skill level 8 in Fighting
  4988 | D:6      | Reached skill level 11 in Long Blades
  5163 | D:6      | Reached XP level 9. HP: 82/82 MP: 8/8
  5173 | D:6      | Noticed a dagger
  5175 | D:6      | Noticed a hand axe
  5175 | D:6      | Found a hide-covered altar of Uskayaw.
  5186 | D:6      | Noticed a two-headed ogre
  5188 | D:6      | HP: 41/82 [orc warrior/battleaxe (15)]
  5216 | D:6      | Reached skill level 12 in Long Blades
  5397 | D:6      | Killed a two-headed ogre
  5397 | D:6      | Reached skill level 9 in Fighting
  5586 | D:6      | Reached skill level 13 in Long Blades
  6051 | D:6      | Noticed Duvessa
  6053 | D:6      | Noticed Dowan
  6063 | D:6      | Killed Duvessa
  6063 | D:6      | Reached skill level 1 in Armour
  6068 | D:6      | Killed Dowan
  6068 | D:6      | Reached skill level 10 in Fighting
  6251 | D:6      | Found a runed door.
  6323 | D:6      | Noticed Crazy Yiuf
  6336 | D:6      | Killed Crazy Yiuf
  6454 | D:7      | Noticed Menkaure
  6472 | D:7      | Reached XP level 10. HP: 90/93 MP: 9/9
  6493 | D:7      | Killed Menkaure
  6493 | D:7      | Reached skill level 2 in Armour
  6584 | D:7      | Reached skill level 4 in Dodging
  6688 | D:7      | Reached skill level 14 in Long Blades
  7167 | D:7      | Found a staircase to the Ecumenical Temple.
  7181 | Temple   | Entered the Ecumenical Temple
  7186 | Temple   | Became a worshipper of Zin the Law-Giver
  7186 | Temple   | Reached * piety under Zin
  7229 | D:8      | Found a staircase to the Lair.
  7245 | D:8      | Reached skill level 3 in Armour
  7526 | D:8      | Reached ** piety under Zin
  7586 | D:8      | Found a hazy altar of Hepliaklqana.
  7917 | D:8      | Found an ornate altar of the Wu Jian Council.
  8108 | D:8      | Noticed a two-headed ogre
  8116 | D:8      | HP: 38/94 [two-headed ogre/giant club (13)]
  8704 | D:9      | Reached skill level 4 in Armour
  8704 | D:9      | Reached skill level 5 in Dodging
  8714 | D:9      | Reached skill level 1 in Invocations
  8796 | D:9      | Noticed a three-headed hydra
  8826 | D:9      | HP: 40/94 [five-headed hydra (8)]
  9049 | D:9      | Found an ancient bone altar of Kikubaaqudgha.
  9059 | D:9      | Noticed Autsider's ghost (novice GrFE)
  9187 | Lair:1   | Entered Level 1 of the Lair of Beasts
  9224 | Lair:1   | Reached skill level 2 in Invocations
  9410 | Lair:1   | Noticed kae's ghost (journeyman HOFi)
  9438 | Lair:1   | Killed kae's ghost
  9438 | Lair:1   | Reached skill level 11 in Fighting
  9438 | Lair:1   | Reached skill level 5 in Armour
  9438 | Lair:1   | Reached XP level 11. HP: 57/102 MP: 11/11
  9449 | Lair:1   | HP: 51/102 [poisoned by kae's ghost]
  9454 | Lair:1   | HP: 50/102 [poisoned by kae's ghost]
  9461 | Lair:1   | HP: 50/102 [poisoned by kae's ghost]
  9469 | Lair:1   | HP: 50/102 [poisoned by kae's ghost]
  9828 | Lair:1   | Reached skill level 15 in Long Blades
 10058 | Lair:1   | Noticed an oklob plant
 10094 | Lair:1   | HP: 46/102 [acid (6)]
 10096 | Lair:1   | Killed an oklob plant
 10096 | Lair:1   | Reached skill level 6 in Dodging
 10337 | Lair:1   | Reached skill level 3 in Invocations
 10918 | Lair:1   | Donated 201 gold pieces to Zin
 11333 | Lair:2   | Reached skill level 6 in Armour
 11375 | Lair:2   | Reached skill level 4 in Invocations
 11389 | Lair:2   | Noticed a seven-headed hydra
 11545 | Lair:2   | HP: 43/102 [seven-headed hydra (11)]
 11549 | Lair:1   | HP: 21/102 [seven-headed hydra (1)]
 11552 | Lair:1   | Killed a seven-headed hydra
 11942 | Lair:2   | Reached skill level 7 in Dodging
 12139 | Lair:2   | Reached skill level 16 in Long Blades
 12858 | Lair:3   | Reached XP level 12. HP: 112/112 MP: 14/14
 13004 | Lair:3   | Reached skill level 7 in Armour
 13247 | Lair:3   | Found a staircase to the Snake Pit.
 13414 | Lair:3   | Reached skill level 12 in Fighting
 13733 | Lair:4   | Reached skill level 5 in Invocations
 13805 | Lair:4   | Noticed a seven-headed hydra
 13921 | D:9      | Found a stormy altar of Qazlal.
 14021 | D:9      | Killed Autsider's ghost
 14149 | D:9      | You fall through a shaft!
 14149 | D:10     | Entered Level 10 of the Dungeon
 14298 | D:10     | Found Houvosch's Book Shoppe.
 14436 | D:10     | Got a brightly glowing jade ring
 14438 | D:10     | Identified the ring of Sishrexzo {MR+ Str+5 Int+2 Dex+2} (You found it on level 10 of the Dungeon)
 14762 | D:9      | Killed a five-headed hydra
 14762 | D:9      | Reached skill level 8 in Dodging
 14925 | D:9      | Reached *** piety under Zin
 15112 | D:8      | Killed a two-headed ogre
 15112 | D:8      | Reached skill level 8 in Armour
 16355 | D:11     | Noticed a two-headed ogre
 16364 | D:11     | Killed a two-headed ogre
 16481 | D:11     | Noticed Psyche
 16484 | D:11     | Killed Psyche
 16763 | D:12     | Reached skill level 9 in Armour
 16801 | D:12     | Noticed a five-headed hydra
 16811 | D:12     | Killed a five-headed hydra
 16811 | D:12     | Reached skill level 9 in Dodging
 16944 | D:12     | Found a staircase to the Orcish Mines.
 16959 | D:12     | Reached skill level 17 in Long Blades
 16977 | D:12     | Reached skill level 13 in Fighting
 17357 | D:12     | Reached XP level 13. HP: 122/122 MP: 16/16
 17555 | Orc:1    | Entered Level 1 of the Orcish Mines
 17972 | Orc:2    | Entered Level 2 of the Orcish Mines
 17972 | Orc:2    | Found a staircase to the Elven Halls.
 18349 | Orc:2    | Found a frozen archway.
 18379 | Orc:2    | Noticed theanonym's ghost (journeyman MiFi)
 18384 | IceCv    | Entered an ice cave
 18388 | IceCv    | Found a transporter.
 18398 | IceCv    | HP: 55/122 [white ugly thing (11)]
 18412 | IceCv    | Reached **** piety under Zin
 18632 | IceCv    | HP: 60/122 [white ugly thing (17)]
 18932 | Orc:2    | HP: 42/122 [theanonym's ghost (34)]
 19432 | Lair:4   | HP: 56/122 [komodo dragon (21)]
 19659 | Lair:4   | Found a staircase to the Shoals.
 19946 | Lair:4   | Reached skill level 6 in Invocations
 21998 | Lair:5   | Reached skill level 10 in Armour
 22291 | Lair:6   | Entered Level 6 of the Lair of Beasts
 22489 | Lair:6   | Reached skill level 10 in Dodging
 22649 | Lair:6   | Reached skill level 18 in Long Blades
 22709 | Lair:6   | Reached skill level 7 in Invocations
 22733 | Lair:6   | HP: 61/123 [black mamba (8)]
 23407 | Lair:6   | Reached skill level 14 in Fighting
 23410 | Lair:6   | Reached XP level 14. HP: 96/132 MP: 16/18
 23434 | Lair:6   | HP: 64/132 [six-headed hydra (7)]
 23662 | Lair:6   | Found a staircase to the Slime Pits.
 23750 | Lair:6   | Reached ***** piety under Zin
 23938 | Lair:6   | HP: 48/132 [death yak (20)]
 24349 | Lair:6   | HP: 66/132 [catoblepas (17)]
 24358 | Lair:6   | HP: 55/132 [catoblepas/blast of calcifying dust (4)]
 24363 | Lair:6   | HP: 29/132 [catoblepas (4)]
 24723 | Lair:6   | Donated 486 gold pieces to Zin
 24790 | Lair:6   | Got a flickering amber ring
 24871 | Lair:6   | Identified the ring "Esiud" {rCorr Int+7 Slay+2} (You found it on level 6 of the Lair of Beasts)
 25097 | D:13     | Reached skill level 8 in Invocations
 25377 | D:13     | Reached skill level 19 in Long Blades
 25740 | D:13     | HP: 39/133 [cyclops/large rock (34)]
 27044 | D:14     | Found Xuadurule's Book Boutique.
 27478 | D:14     | Reached ****** piety under Zin
 27478 | D:14     | Reached skill level 11 in Armour
 27918 | D:14     | Reached XP level 15. HP: 126/139 MP: 20/20
 27921 | D:14     | Reached skill level 11 in Dodging
 27972 | D:14     | Found a gate to the Vaults.
 27990 | D:14     | Reached skill level 9 in Invocations
 27997 | D:14     | HP: 68/139 [vault guard/halberd (4)]
 28321 | D:14     | Reached skill level 15 in Fighting
 28396 | D:14     | Found a shimmering altar of Xom.
 28474 | D:14     | Found a shimmering altar of Xom.
 28474 | D:14     | Found a shimmering altar of Xom.
 28487 | D:14     | Found a shimmering altar of Xom.
 28672 | D:15     | Entered Level 15 of the Dungeon
 29150 | D:15     | HP: 57/141 [ice dragon/blast of cold (32)]
 29157 | D:15     | HP: 37/141 [ice dragon/blast of cold (37)]
 29162 | D:15     | HP: 32/141 [ice dragon (8)]
 29186 | D:15     | HP: 30/141 [ice dragon (5)]
 29284 | D:15     | HP: 37/141 [ice dragon/blast of cold (25)]
 29290 | D:15     | HP: 20/141 [ice dragon (4)]
 29293 | D:15     | HP: 8/141 [ice dragon/blast of cold (12)]
 29312 | D:15     | Reached skill level 20 in Long Blades
 29755 | D:15     | Found Diodayny's Gadget Emporium.
 30003 | D:15     | Found a staircase to the Depths.
 30211 | D:15     | HP: 70/141 [ogre/giant club (6)]
 30220 | D:15     | HP: 56/141 [two-headed ogre/giant club (4)]
 30227 | D:15     | HP: 37/141 [ogre/giant spiked club (6)]
 30256 | D:15     | HP: 45/141 [vampire mosquito (2)]
 30603 | D:15     | Noticed a sphinx
 30630 | D:15     | HP: 63/141 [yaktaur captain/bolt (40)]
 30648 | D:15     | HP: 62/141 [yaktaur captain (6)]
 30972 | D:15     | Got a dazzling ring mail
 31002 | D:15     | Identified the Collected Works on the Floating Snowflakes
 31005 | D:15     | Got a crude ruby amulet
 31006 | D:15     | Identified the amulet of Uwimuhet {Inacc +Fly rC++ MR+} (You found it on level 15 of the Dungeon)
 31018 | D:15     | Identified the +3 ring mail of the Pink Corner {MR+ Dex+6 Stlth+} (You took it off an orc on level 15 of the Dungeon)
 31042 | D:15     | Killed a sphinx
 31042 | D:15     | Reached skill level 12 in Armour
 31749 | Orc:2    | HP: 66/141 [theanonym's ghost (6)]
 31754 | Orc:2    | Killed theanonym's ghost
 32063 | Orc:2    | Reached skill level 10 in Invocations
 32163 | Orc:2    | HP: 59/141 [orc knight/glaive (30)]
 32169 | Orc:2    | HP: 60/141 [orc/arbalest (1)]
 32191 | Orc:2    | Reached skill level 12 in Dodging
 32192 | Orc:2    | Found Bocal's Gadget Boutique.
 32192 | Orc:2    | Found Nynub's Book Shoppe.
 32194 | Orc:2    | HP: 84/214 [orc warrior/glaive (13)]
 32199 | Orc:2    | HP: 61/214 [orc warrior/great mace (24)]
 32202 | Orc:2    | Found Tuokud's Armour Emporium.
 32204 | Orc:2    | Found Deuxke's Antique Weapon Shop.
 32524 | Orc:2    | Bought the cursed +0 pair of gloves "Ogezax" {Int+4 Dex+5} for 328 gold pieces
 32533 | Orc:2    | Learned a level 2 spell: Swiftness
 32653 | Orc:2    | Found Muaduth's General Store.
 32841 | Elf:1    | Entered Level 1 of the Elven Halls
 33045 | Elf:1    | Found a ruined gateway.
 33068 | Elf:1    | HP: 65/143 [deep elf knight/stone arrow (18)]
 33073 | Elf:1    | HP: 62/143 [deep elf mage/long sword (5)]
 33080 | Desolati | Entered the Desolation of Salt
 33335 | Desolati | Reached XP level 16. HP: 145/151 MP: 22/22
 33347 | Desolati | Reached skill level 16 in Fighting
 33400 | Desolati | HP: 75/151 [saltling (18)]
 33692 | Desolati | HP: 69/151 [imperial myrmidon/scimitar (27)]
 33696 | Desolati | HP: 28/151 [peacekeeper (9)]
 33697 | Desolati | HP: 13/151 [peacekeeper (4)]
 33698 | Desolati | HP: 3/151 [peacekeeper (10)]
 34120 | Desolati | Identified the Catalogue of Good Luck
 34131 | Desolati | Learned a level 6 spell: Deflect Missiles
 34321 | Desolati | Reached skill level 13 in Armour
 34372 | Desolati | Identified a +1 pair of boots of running (You found it in the Desolation of Salt)
 34426 | Desolati | Reached skill level 11 in Invocations
 34566 | Desolati | Got a warped jade ring
 34568 | Desolati | Identified the ring of Maamin {rElec Str+3 Int+4} (You found it in the Desolation of Salt)
 34569 | Desolati | Identified the Incunabulum of Confrontation
 34921 | Desolati | Identified the Incunabulum of Quantum Leap
 34924 | Desolati | Identified Hogem's Guide on Clay
 34970 | Desolati | Reached skill level 13 in Dodging
 35388 | Elf:1    | Reached skill level 12 in Invocations
 35558 | Elf:1    | Noticed Aizul
 35579 | Elf:1    | Killed Aizul
 35620 | Elf:1    | Noticed Azrael
 35639 | Elf:1    | Killed Azrael
 35789 | Elf:1    | Noticed Frances
 35797 | Elf:1    | Killed Frances
 35949 | Elf:1    | Noticed Agnes
 35963 | Elf:1    | Killed Agnes
 36326 | Elf:1    | Noticed Kirke
 36342 | Elf:1    | Killed Kirke
 36342 | Elf:1    | Reached XP level 17. HP: 158/160 MP: 23/25
 36533 | Elf:1    | Reached skill level 14 in Armour
 36549 | Elf:1    | Reached skill level 17 in Fighting
 37286 | Elf:2    | HP: 43/161 [deep elf knight/shard of ice (39)]
 37346 | Orc:2    | HP: 59/161 [centaur/enchanted shortbow (4)]
 37366 | Orc:2    | Bought a +3 plate armour of cold resistance for 540 gold pieces
 37712 | Elf:2    | Reached skill level 13 in Invocations
 37936 | Elf:2    | Found a runed door.
 37959 | Elf:2    | Found a runed door.
 38375 | Elf:2    | Reached skill level 14 in Dodging
 38407 | Elf:2    | theanonym: !lg * urune=15 god!=tso maxskills!=shield race=mi
 38407 | Elf:2    | beem: 330. Brathek the Swordmaster (L27 MiBe of Trog), escaped with the Orb and 15 runes on 2017-10-21 08:24:00, with 13432080 points after 120179 turns and 7:37:57.
 38407 | Elf:2    | theanonym: !lg * urune=15 god!=tso maxskills!=shield race=mi -log
 38407 | Elf:2    | beem: 330. Brathek, XL27 MiBe, T:120179: http://crawl.akrasiac.org/rawdata/Brathek/morgue-Brathek-20171021-082400.txt
 38407 | Elf:2    | theanonym: !lg * urune=15 god!=tso maxskills!=shield race=mi -log -1
 38407 | Elf:2    | beem: 330. Brathek, XL27 MiBe, T:120179: http://crawl.akrasiac.org/rawdata/Brathek/morgue-Brathek-20171021-082400.txt
 38407 | Elf:2    | theanonym: !lg * urune=15 god!=tso maxskills!=shield race=mi -log -2
 38407 | Elf:2    | beem: 329/330. 4thArraOfDagon, XL27 MiCK, T:48528: http://crawl.xtahua.com/crawl/morgue/4thArraOfDagon/morgue-4thArraOfDagon-20171012-191940.txt
 38407 | Elf:2    | theanonym: !lg * urune=15 god!=tso maxskills!=shield race=mi maxskills=longblades
 38407 | Elf:2    | beem: 39. Brathek the Swordmaster (L27 MiBe of Trog), escaped with the Orb and 15 runes on 2017-10-21 08:24:00, with 13432080 points after 120179 turns and 7:37:57.
 38407 | Elf:2    | theanonym: !lg * urune=15 god!=tso maxskills!=shield race=mi maxskills=longblades s=god
 38407 | Elf:2    | beem: 39 games for * (urune=15 god!=tso maxskills!=shield race=mi maxskills=longblades): 18x Zin, 3x Dithmenos, 3x Cheibriados, 3x Makhleb, 3x Trog, 3x Wu Jian, 2x Gozag, Uskayaw, Xom, Ru, Ashenzari
 38626 | Elf:2    | Donated 331 gold pieces to Zin
 39253 | Shoals:1 | Entered Level 1 of the Shoals
 39257 | Shoals:1 | Found Dtziop's Desiderata Depot.
 39423 | Shoals:1 | HP: 81/162 [drowned by a drowned soul[a merfolk avatar] (14)]
 39786 | Shoals:1 | Reached skill level 14 in Invocations
 39938 | Shoals:1 | Found Ussumeud's Assorted Antiques.
 40713 | Shoals:2 | Found Daroj's Distillery.
 40824 | Shoals:2 | Noticed Polyphemus
 40831 | Shoals:2 | Reached skill level 15 in Armour
 40849 | Shoals:2 | Killed Polyphemus
 41120 | Shoals:2 | Reached XP level 18. HP: 171/171 MP: 27/27
 41920 | Shoals:3 | Reached skill level 18 in Fighting
 41922 | Shoals:3 | Found Cemyrph's General Store.
 41945 | Shoals:3 | Bought the +0 pair of gloves "Osoar" {rElec MR++ Regen+} for 295 gold pieces
 41969 | Shoals:3 | Found Fuleqoda's Weapon Emporium.
 42050 | Shoals:3 | Noticed Nikola
 42058 | Shoals:3 | Killed Nikola
 42097 | Shoals:3 | Found Afuasser's Armour Shoppe.
 42380 | Shoals:3 | Reached skill level 15 in Invocations
 42446 | Shoals:3 | Found Buoquet's General Store.
 42456 | Shoals:3 | Found Koiffub's Book Emporium.
 42752 | Shoals:3 | Reached skill level 15 in Dodging
 42888 | Shoals:4 | Entered Level 4 of the Shoals
 42908 | Shoals:4 | Got a brightly glowing ring mail
 43068 | Shoals:4 | Identified the +4 ring mail of Penoab {rF+} (You found it on level 4 of the Shoals)
 43083 | Shoals:4 | Noticed Ilsuiw
 43093 | Shoals:4 | HP: 86/173 [drowned by a water elemental[Ilsuiw] (3)]
 43099 | Shoals:4 | HP: 54/173 [manticore (6)]
 43111 | Shoals:4 | HP: 53/173 [water elemental[Ilsuiw] (7)]
 43115 | Shoals:4 | Killed Ilsuiw
 43476 | Shoals:4 | Identified the Guide on Virous Moulding
 43855 | Shoals:4 | HP: 86/173 [kraken (10)]
 44685 | Shoals:4 | HP: 81/173 [merfolk impaler/trident of venom (7)]
 44692 | Shoals:4 | HP: 53/173 [merfolk impaler/trident of protection (10)]
 44697 | Shoals:4 | HP: 47/173 [merfolk impaler/vampiric trident (1)]
 44700 | Shoals:4 | Reached XP level 19. HP: 50/181 MP: 25/29
 44876 | Shoals:4 | Got a barnacled rune of Zot
 45168 | Shoals:4 | Reached skill level 21 in Long Blades
 45397 | Snake:1  | Entered Level 1 of the Snake Pit
 46707 | Snake:2  | HP: 80/181 [naga warrior/mace (15)]
 46713 | Snake:2  | HP: 72/181 [naga warrior/mace (2)]
 46909 | Snake:2  | HP: 85/181 [naga sharpshooter/arrow (17)]
 46912 | Snake:2  | Reached skill level 22 in Long Blades
 46914 | Snake:2  | HP: 80/181 [shock serpent/bolt of electricity (8)]
 47123 | Snake:2  | Found a hide-covered altar of Uskayaw.
 47656 | Snake:2  | Noticed Laiders's ghost (journeyman MiBe)
 47668 | Snake:2  | Killed Laiders's ghost
 48608 | Snake:3  | Reached skill level 23 in Long Blades
 48711 | Snake:3  | Found a runed gate.
 48711 | Snake:3  | Found a runed gate.
 48711 | Snake:3  | Found a runed gate.
 48892 | Snake:3  | Found Ykuzoik's Gadget Shoppe.
 48893 | Snake:3  | Found Ikliat's Jewellery Boutique.
 48895 | Snake:3  | Found Yhuseplyunu's Gadget Shoppe.
 49744 | Snake:3  | Reached XP level 20. HP: 142/189 MP: 30/30
 49859 | Snake:4  | Entered Level 4 of the Snake Pit
 49946 | Snake:4  | Reached skill level 24 in Long Blades
 50324 | Snake:4  | Noticed Vashnia
 50347 | Snake:4  | HP: 91/189 [naga sharpshooter/bolt[Vashnia] (11)]
 50351 | Snake:4  | Killed Vashnia
 50353 | Snake:4  | HP: 75/189 [naga sharpshooter/bolt[Vashnia] (5)]
 50359 | Snake:4  | HP: 58/189 [naga sharpshooter/bolt[Vashnia] (13)]
 50363 | Snake:4  | HP: 22/189 [naga sharpshooter/bolt[Vashnia] (15)]
 50369 | Snake:4  | HP: 31/189 [naga sharpshooter/arrow[Vashnia] (10)]
 50909 | Snake:4  | Reached skill level 25 in Long Blades
 50920 | Snake:4  | HP: 90/189 [naga sharpshooter/arrow (6)]
 50929 | Snake:4  | HP: 69/189 [naga warrior/war axe (12)]
 50935 | Snake:4  | HP: 71/283 [naga/war axe (7)]
 50940 | Snake:4  | HP: 66/283 [nagaraja/spear (4)]
 51375 | Snake:4  | Got a serpentine rune of Zot
 52259 | Elf:3    | Entered Level 3 of the Elven Halls
 52282 | Elf:3    | Found Xifoew's Magic Scroll Shoppe.
 52291 | Elf:3    | Identified a scroll of acquirement
 52324 | Elf:3    | Bought a scroll of enchant weapon for 142 gold pieces
 52325 | Elf:3    | Bought a scroll of silence for 142 gold pieces
 52391 | Elf:3    | Reached skill level 26 in Long Blades
 52400 | Elf:3    | HP: 57/189 [???[a deep elf demonologist] (55)]
 52409 | Elf:3    | HP: 52/189 [deep elf blademaster/enchanted rapier (10)]
 52417 | Elf:3    | HP: 74/189 [deep elf high priest/divine providence (8)]
 52422 | Elf:3    | HP: 42/283 [Executioner[a deep elf demonologist] (3)]
 52428 | Elf:3    | HP: 18/283 [deep elf knight/shortbow (8)]
 52431 | Elf:3    | HP: 7/283 [something/shard of ice (7)]
 52432 | Elf:3    | Killed from afar by a deep elf knight

Vanquished Creatures
  Vashnia (Snake:4)
  Nikola (Shoals:3)
  2 deep elf blademasters (Elf:3)
  2 deep elf master archers (Elf:3)
  Frances (Elf:1)
  Polyphemus (Shoals:2)
  A sphinx (D:15)
  4 krakens (Shoals:4)
  Kirke (Elf:1)
  Agnes (Elf:1)
  10 nagarajas
  Ilsuiw (Shoals:4)
  The ghost of Laiders the Bludgeoner, a journeyman MiBe of Trog (Snake:2)
  A deep elf sorcerer (Elf:3)
  2 imperial myrmidons (Desolation)
  5 deep elf elementalists
  Aizul (Elf:1)
  6 deep elf demonologists
  Azrael (Elf:1)
  A dire elephant (Lair:6)
  The ghost of theanonym the Fencer, a journeyman MiFi of Zin (Orc:2)
  2 halazid warlocks (Desolation)
  4 deep elf annihilators (Elf:3)
  6 merfolk javelineers (Shoals:4)
  A crystal guardian (Desolation)
  4 deep elf death magi (Elf:3)
  8 ragged hierophants (Desolation)
  10 merfolk impalers
  3 deep elf high priests (Elf:3)
  The ghost of kae the Cleaver, a journeyman HOFi of Qazlal (Lair:1)
  2 yaktaur captains (D:15)
  6 servants of whispers
  6 hydras
  2 ice dragons (D:15)
  13 naga warriors
  4 catoblepae
  7 two-headed ogres
  5 peacekeepers (Desolation)
  3 centaur warriors
  3 vault guards (D:14)
  2 alligator snapping turtles
  An ogre mage (D:15)
  4 merfolk aquamancers (Shoals:4)
  An alligator (Shoals:1)
  10 merfolk avatars
  3 satyrs
  A deep troll shaman (Lair:6)
  15 anacondas
  26 dancing weapons
  13 shock serpents
  14 death yaks
  The ghost of Autsider the Arsonist, a novice GrFE of Vehumet (D:9)
  21 naga sharpshooters
  21 deep elf knights
  A small abomination (Elf:3)
  6 skeletal warriors
  6 salamander mystics
  15 sea snakes
  10 naga ritualists
  2 wizards (D:14)
  3 ironbrand convokers (Desolation)
  20 harpies
  2 necromancers (D:14)
  8 deep elf archers
  5 orc knights
  An oklob plant (Lair:1)
  18 mana vipers
  An orc sorcerer (Elf:1)
  18 ugly things
  32 deep elf magi
  16 manticores
  A wolf spider (D:15)
  13 fauns
  9 merfolk sirens
  6 cyclopes
  12 salamanders
  3 centaur zombies
  2 molten gargoyles (Desolation)
  55 black mambas
  2 ice statues (IceCv)
  6 water nymphs
  10 guardian serpents
  18 naga magi
  2 gargoyles (D:13)
  8 elephants (Lair:6)
  8 spiny frogs
  Psyche (D:11)
  8 komodo dragons
  2 rime drakes
  A kobold demonologist (D:15)
  A freezing wraith (D:13)
  8 trolls
  38 merfolk
  A tengu conjurer (D:14)
  3 polar bears
  A wind drake (Shoals:4)
  14 slime creatures
  14 blink frogs
  52 saltlings
  15 hippogriffs
  13 snapping turtles
  7 dream sheep
  11 water elementals
  6 air elementals
  Sigmund (D:2)
  7 fire elementals
  3 shadows
  A vampire (D:15)
  22 yaks
  18 humans (D:14)
  4 wraiths
  2 hungry ghosts (D:13)
  3 hogs (Elf:1)
  5 basilisks
  9 vampire mosquitoes
  Menkaure (D:7)
  2 steam dragons
  3 wargs
  69 nagas
  20 water moccasins
  3 hell hounds (Elf:1)
  Duvessa (D:6)
  4 porcupines
  40 orc warriors
  23 ice beasts
  A hornet zombie (D:7)
  An ogre (shapeshifter) (Elf:1)
  12 ogres
  A black bear (D:7)
  A necrophage (D:7)
  3 phantoms
  24 centaurs
  29 wolves
  12 crocodiles
  6 big kobolds
  14 bullfrogs
  Dowan (D:6)
  A water moccasin skeleton (D:9)
  6 scorpions
  4 killer bees (D:12)
  5 wights (D:6)
  10 crimson imps
  4 bullfrog zombies
  A quasit (D:5)
  16 orc wizards
  14 orc priests
  Crazy Yiuf (D:6)
  2 bullfrog skeletons
  5 centaur skeletons
  11 hounds
  4 jellies
  3 iguanas
  5 hell rats (Lair:5)
  A killer bee zombie (D:8)
  8 worker ants
  5 gnolls
  16 adders
  4 shadow imps
  4 oozes (Lair:6)
  An adder skeleton (D:4)
  2 adder zombies
  4 worms
  4 dart slugs
  11 leopard geckos
  101 orcs
  8 ball pythons
  10 giant cockroaches
  16 goblins
  8 hobgoblins
  11 jackals
  17 kobolds
  4 quokkas
  8 bats
  13 frilled lizards
  A quokka zombie (D:8)
  15 rats
  A bush (Lair:1)
  7 tentacles (Shoals:4)
1501 creatures vanquished.

Vanquished Creatures (others)
  A nagaraja (Snake:4)
  A deep elf elementalist (Elf:3)
  A merfolk impaler (Shoals:4)
  5 naga warriors
  2 anacondas
  A shock serpent (Snake:4)
  4 naga sharpshooters
  A salamander mystic (Snake:2)
  A harpy (Shoals:4)
  A naga ritualist (Snake:4)
  A deep elf archer (Elf:1)
  A mana viper (Snake:4)
  2 deep elf magi (Elf:1)
  A salamander (Snake:1)
  3 naga magi
  A black mamba (Snake:3)
  3 nagas
  12 fungi
  23 plants
  25 tentacles (Shoals:4)
90 creatures vanquished.

Grand Total: 1591 creatures vanquished
